 Dungeon Crawl Stone Soup version 0.21-a0-221-gfe971b9 (webtiles) character file.

25 Gorglomux the Skirmisher (level 3, 0/31 HPs)
             Began as a Hill Orc Earth Elementalist on Aug 24, 2017.
             Succumbed to a kobold's poison
             ... on level 1 of the Dungeon.
             The game lasted 00:01:27 (650 turns).

Gorglomux the Skirmisher (HOEE)                      Turns: 650, Time: 00:01:28

Health: 0/31       AC:  2    Str: 11    XL:     3   Next: 6%
Magic:  1/5        EV: 12    Int: 15    God:
Gold:   13         SH:  0    Dex: 11    Spells: 4/5 levels left

rFire    . . .     SeeInvis .   g - +0 dagger
rCold    . . .     Gourm    .   (no shield)
rNeg     . . .     Faith    .   c - +0 robe
rPois    .         Spirit   .   (no helmet)
rElec    .         Reflect  .   (no cloak)
rCorr    .         Harm     .   (no gloves)
MR       .....                  (no boots)
Stlth    ++........             (no amulet)
HPRegen  0.10/turn              (no ring)
MPRegen  0.09/turn              (no ring)

@: lethally poisoned (0 -> -7)
A: no striking features
a: no special abilities


You were on level 1 of the Dungeon.
You were not hungry.

You visited 1 branch of the dungeon, and saw 1 of its levels.

You collected 13 gold pieces.

Inventory:

Hand Weapons
 g - a +0 dagger (weapon)
Missiles
 b - 24 stones (quivered)
Armour
 c - a +0 robe (worn)
Books
 e - a book of Geomancy

   Spells                             Type                      Level
   a - Sandblast                      Earth                        1
   b - Passwall                       Transmutation/Earth          2
   c - Stone Arrow                    Conjuration/Earth            3
   d - Petrify                        Transmutation/Earth          4
   e - Lee's Rapid Deconstruction     Earth                        5
Comestibles
 d - a bread ration
 h - 6 chunks of flesh


   Skills:
 + Level 3.1 Fighting
 - Level 1.5 Dodging
 - Level 1.5 Stealth
 - Level 1.5 Spellcasting
   Level 0.6 Transmutations
 - Level 3.0 Earth Magic


You had 4 spell levels left.
You knew the following spells:

 Your Spells              Type           Power        Failure   Level  Hunger
a - Sandblast             Erth           ##....       7%          1    ##.....


Dungeon Overview and Level Annotations

Branches:
Dungeon (1/15)

Altars:


Message History

You don't have enough magic to cast that spell!
Unknown command!
Casting: Sandblast
Confirm with ! or Enter, or press ? or * to list all spells!
You don't have enough magic to cast that spell!
Unknown command!
Okay, then! * * * don't die
* * * You feel sick! * * * don't die
* * * You feel sick! * * * don't die
* * * You feel sick! * * * don't die
* * * Butt feel sick!
The hobgoblin closely misses you! * * * don't die
* * * You feel sick! * * * don't die
* * * You feel sick! rip

### ..# .######.#
......#.###########
#.......... ..#
###.#########.#
#(##...@.##.#########
#.##.###............#
#)##.# ###g.#######.#
#÷##.# #.## #.#
###(##.# #.# #.#
#......# #K# #.#
#†#.########.# #.#
...#.(....K...# #.#
..K...########..# #.#


You could see a hobgoblin.

Vanquished Creatures
  A dart slug (D:1)
  A leopard gecko (D:1)
  2 goblins (D:1)
  2 hobgoblins (D:1)
  5 jackals (D:1)
  4 kobolds (D:1)
  A ball python (D:1)
  A bat (D:1)
  3 rats (D:1)
20 creatures vanquished.

Notes
Turn   | Place    | Note
-------+----------+-------------------------------------------
     0 | D:1      | Gorglomux the Hill Orc Earth Elementalist began the quest for the Orb.
     0 | D:1      | Reached XP level 1. HP: 14/14 MP: 3/3
    63 | D:1      | Reached skill level 1 in Fighting
   191 | D:1      | Reached XP level 2. HP: 24/24 MP: 4/4
   629 | D:1      | Reached skill level 3 in Fighting
   629 | D:1      | Reached XP level 3. HP: 11/31 MP: 0/5
   648 | D:1      | HP: 1/31 [poisoned by a kobold]
   650 | D:1      | Succumbed to a kobold's poison

Vault maps used:
D:1:      sevenhm_arrival_forest_fort_small_6

Skill      XL: |  1  2 |
---------------+-------+-----
Fighting       | 1 3 |  3.1
Dodging        | |  1.5
Stealth        | |  1.5
Spellcasting   | |  1.5
Transmutations | |  0.6
Earth Magic    | |  3.0

Action                   || total
-------------------------++-------
Melee: Dagger            ||    43
 Cast: Sandblast         ||    17
 Stab: Sleeping          ||     1
Armor: Robe              ||    10
Dodge: Dodged            ||    33

Table legend:
 A = Spawn XP
 B = Non-spawn XP
 C = Spawn XP percentage of total XP
 D = Spawn monster count
 E = Non-spawn monster count
 F = Spawn count percentage of total count
 G = Total turns spent on level
                    A         B        C        D         E        F      G
               +---------+---------+-------+---------+---------+-------+---------
         Total |      13 |      24 |  35.1 |       6 |      14 |  30.0 |   650
               +---------+---------+-------+---------+---------+-------+---------
           D:1 |      13 |      24 |  35.1 |       6 |      14 |  30.0 |   650
               +---------+---------+-------+---------+---------+-------+---------
